 Dungeon Crawl Stone Soup version 0.31-a0-473-g61b50ae490 (webtiles) character file.

Game seed: 8163687848129290062

60137 avis the Spry (level 14, -1/79 HPs)
             Began as a Felid Shapeshifter on Aug 6, 2023.
             Was an Initiate of Gozag.
             Slain by Agnes
             ... wielding a +0 lajatang of distortion
              (4 damage)
             ... on level 14 of the Dungeon.
             The game lasted 03:44:05 (31799 turns).

avis the Spry (Felid Shapeshifter)                 Turns: 31799, Time: 03:44:06

Health: -1/79      AC: 15    Str: 21    XL:     14   Next: 55%
Magic:  0/16       EV: 27    Int: 14    God:    Gozag
Gold:   3525       SH:  0    Dex: 20    Spells: 7/13 levels left
                                        Lives:  0   Deaths: 4

rFire   . .          .
                       - Unarmed
rCold   . . .        (shield unavailable)
rNeg    . . .        (body armour unavailable)
rPois   .            (helmet unavailable)
rElec   .            (cloak unavailable)
rCorr   .            (gloves unavailable)
SInv    +            (boots unavailable)
Will    ++...        x - amulet of Matriff {Spirit Fragile Regen+ Str+5}
Stlth   +++          q - ring of flight
HPRegen 1.13/turn    L - +5 ring of evasion
MPRegen 0.15/turn

%: clarity, guardian spirit
@: snake-form, flying, studying Unarmed Combat
A: constrict, boosted hp, large, (claws 1), (fangs 3), see invisible, (speed 1),
(shaggy fur 3), (stealthy paws), no weapons or thrown items, no armour,
multi-lived, clarity, high MP 1, noise suppression
a: Begin Untransformation, Renounce Religion, Potion Petition, Call Merchant,
Bribe Branch


You were on level 14 of the Dungeon.
You worshipped Gozag.
Gozag was most pleased with you.
You were an enormous anaconda.
You visited 4 branches of the dungeon, and saw 22 of its levels.
You visited the Abyss 1 time.
You also visited: Ossuary, Bailey and Gauntlet.

You collected 7741 gold pieces.
You spent 4152 gold pieces at shops.
You paid 64 gold pieces to Gozag.

Inventory:

Jewellery
 n - a ring of ice
 p - a ring of protection from cold
 q - a ring of flight (left hand)
 x - the amulet of Matriff (around neck) {Spirit Fragile Regen+ Str+5}
   (You bought it in a shop on level 5 of the Dungeon)

   [amulet of guardian spirit]

   It causes incoming damage to be divided between your reserves of health and
   magic.
   Str:       It affects your strength (+5).
   Regen:     It increases your rate of health regeneration.
   Fragile:   It will be destroyed if unequipped.
 y - an amulet of regeneration
 J - a ring of wizardry
 L - a +5 ring of evasion (right hand)
Talismans
 b - a beast talisman
 d - a blade talisman
 h - a storm talisman
 E - a serpent talisman (active)
 H - a maw talisman
Wands
 s - a wand of mindburst (5)
 t - a wand of polymorph (13)
 w - a wand of charming (10)
 K - a wand of light (3)
 N - a wand of roots (5)
 O - a wand of digging (4)
Scrolls
 a - 7 scrolls of teleportation
 e - 4 scrolls of fog
 f - a scroll of silence
 g - a scroll of revelation
 i - 3 scrolls of immolation {unknown}
 l - 2 scrolls of fear
 m - a scroll of enchant weapon
 v - 2 scrolls of amnesia {unknown}
 A - 2 scrolls of noise {unknown}
 D - 2 scrolls of torment {unknown}
 M - 3 scrolls of vulnerability {unknown}
 P - 2 scrolls of poison {unknown}
 Q - a scroll of blinking
 U - 2 scrolls of enchant armour
Potions
 j - 9 potions of curing
 k - 2 potions of magic
 o - 5 potions of mutation
 u - 4 potions of enlightenment
 z - a potion of haste
 B - 3 potions of lignification
 C - 2 potions of ambrosia
 F - a potion of cancellation
 G - a potion of brilliance
 I - 3 potions of invisibility
 R - a potion of heal wounds
 S - a potion of experience
Miscellaneous
 c - a phial of floods (inert)
 r - a lightning rod (1/4)


   Skills:
 - Level 10.0 Fighting
 - Level 18.0 Dodging
 - Level 6.0 Stealth
 * Level 13.4 Unarmed Combat
 - Level 1.0 Translocations
 - Level 18.0 Shapeshifting


You had 7 spell levels left.
You knew the following spells:

 Your Spells              Type           Power      Damage    Failure   Level
e - Wereblood             Tmut           0%         N/A       41%         2
g - Passage of Golubria   Tloc           2%         N/A       88%         4

Your spell library contained the following spells:

 Spells                   Type           Power      Damage    Failure   Level
 Necrotise                Necr           0%         1d4       28%         1
 Sandblast                Erth           0%         2d4       28%         1
 Shock                    Conj/Air       0%         1d3       28%         1
 Lesser Beckoning         Tloc           4%         N/A       28%         2
 Passwall                 Tmut/Erth      0%         N/A       41%         2
 Sublimation of Blood     Necr           0%         N/A       41%         2
 Gell's Gravitas          Tloc           2%         N/A       50%         3
 Teleport Other           Tloc           2%         N/A       50%         3
 Hailstorm                Conj/Ice       0%         3d3       65%         3
 Stone Arrow              Conj/Erth      0%         3d7       65%         3
 Swiftness                Air            0%         N/A       65%         3
 Vampiric Draining        Necr           0%         2d6       65%         3
 Airstrike                Air            0%         2d(0-16)  96%         4
 Cause Fear               Hex            0%         N/A       96%         4
 Leda's Liquefaction      Hex/Erth       0%         N/A       96%         4
 Summon Ice Beast         Ice/Summ       0%         N/A       96%         4
 Agony                    Necr           0%         N/A       100%        5
 Fireball                 Conj/Fire      0%         3d3       100%        5
 Irradiate                Conj/Tmut      0%         3d11      100%        5
 Iskenderun's Battlesphe  Conj           0%         2d6       100%        5
 Lee's Rapid Deconstruct  Erth           0%         3d4*      100%        5
 Silence                  Hex/Air        0%         N/A       100%        5
 Leda's Unmaking          Conj/Erth      0%         9d1       100%        6
 Spellforged Servitor     Conj/Summ      0%         N/A       100%        7
 Summon Hydra             Summ           0%         N/A       100%        7
 Lehudib's Crystal Spear  Conj/Erth      0%         10d2      100%        8
 Dragon's Call            Summ           0%         N/A       100%        9
 Simulacrum               Ice/Necr       Unusable   N/A       N/A         6

Dungeon Overview and Level Annotations

Branches:
Dungeon (14/15)            Temple (1/1) D:4            Lair (5/5) D:10
 Shoals (0/4) Lair:3       Spider (0/4) Lair:2        Slime (0/5) Lair:4
    Orc (2/2) D:9             Elf (0/3) Orc:2       Ossuary (visited)
 Bailey (visited)         Gauntlet (visited)
 Vaults: D:13-14

Altars:
Ashenzari
Cheibriados
Dithmenos
Elyvilon
Fedhas
Gozag
Hepliaklqana
Kikubaaqudgha
Makhleb
Nemelex Xobeh
Okawaru
Qazlal
Ru
Sif Muna
Trog
Uskayaw
Vehumet
Wu Jian
Xom
Yredelemnul
Zin
The Shining One
Lugonu

Shops:
D:5 =   D:8 [   D:9 *   D:12 =   Orc:2 [(=!

Portals:
Abyss: Lair:5

Annotations:
D:10 2 transporters, garrulousMonolith's ghost, novice GrEE
D:14 Agnes


Innate Abilities, Weirdness & Mutations

You are an enormous anaconda.
You have a powerful constriction melee attack.
Your maximum health is increased.
((You have sharp claws.))
((You have razor-sharp teeth.))
You have supernaturally acute eyesight. (SInv)
((You cover ground quickly. (Speed+)))
((Your thick and shaggy fur keeps you warm. (AC +3, rC+)))
((Your paws help you pounce on unaware monsters.))
You are incapable of wielding weapons or throwing items.
You cannot wear armour.
You gain extra lives every three experience levels.
You possess an exceptional clarity of mind.
You have an increased reservoir of magic. (+10% MP)
You passively dampen the noise of your surroundings.


Message History

Agnes hits you with a +0 lajatang of distortion!!
Space warps horribly around you!! Agnes hits you but does no damage.
Space warps around you.
You body-slam Agnes!!
You grab Agnes.
Agnes is moderately wounded.
You constrict Agnes.
Agnes hits you with a +0 lajatang of distortion!
* * * LOW HITPOINT WARNING * * *
You blink.
You lose your grip on Agnes.
Aiming: Thunderbolt
Press: ? - help, Shift-Dir - straight line, f - Agnes
Aim: Agnes, wielding a +0 lajatang of distortion, wearing a +0 robe and wearing a ring of ice (moderately wounded)
The thunderbolt hits Agnes!
Agnes is moderately wounded.
Aiming: Thunderbolt
Press: ? - help, Shift-Dir - straight line, f/p - Agnes
Aim: Agnes, wielding a +0 lajatang of distortion, wearing a +0 robe and wearing a ring of ice (moderately wounded)
The thunderbolt hits Agnes!!
Agnes is severely wounded.
Agnes completely misses you.
You barely miss Agnes. Your grab misses Agnes.
Agnes is severely wounded.
Agnes misses you.
You miss Agnes. Your grab misses Agnes.
Agnes is severely wounded.
Agnes barely misses you. Agnes misses you.
You miss Agnes. Your grab misses Agnes.
Agnes is severely wounded.
Agnes barely misses you.
You closely miss Agnes. You grab Agnes.
Agnes is severely wounded.
You constrict Agnes. Agnes misses you.
You lash Agnes!
Agnes is almost dead.
You constrict Agnes. Agnes completely misses you.
Agnes hits you with a +0 lajatang of distortion!!
* * * LOW HITPOINT WARNING * * *
Space warps around you.
You die...
Your body crumbles into a pile of gold.

######### ####
#.......# #..
#.#...#.# #.#
##..###..#######.####
#...# #...)....iS...#
....###..#######.##.#
...#...#.# #.#
.........# #..
......#### ####
>.....# .).)..#
..)########## ...#
#.....#


You could see Agnes.

Vanquished Creatures
  2 tentacled starspawn
  An orc warlord (Orc:2)
  The ghost of Ofeo the Spry, a journeyman DsSh of Wu Jian (Orc:1)
  A minotaur (Gauntlet)
  An ettin (Orc:2)
  Snorg (Orc:2)
  A great orb of eyes (Abyss:4)
  A merfolk javelineer (Orc:2)
  Fannar (Orc:1)
  Harold (Lair:1)
  A hell beast (Gauntlet)
  4 hydras
  A centaur warrior (Orc:1)
  A catoblepas (Lair:5)
  3 two-headed ogres
  A death knight (D:10)
  3 death yaks (Lair:5)
  5 tengu warriors
  An orc high priest (Orc:2)
  Sonja (D:11)
  A deep elf knight (Orc:1)
  5 thrashing horrors
  A wretched star (Abyss:3)
  A glowing orange brain (Abyss:4)
  A lindwurm (Lair:3)
  A wizard (D:14)
  7 orc knights
  2 deep elf pyromancers
  2 oklob plants (Lair:4)
  7 ugly things
  2 wolf spiders (D:11)
  3 orc sorcerers
  2 manticores
  A cyclops (D:14)
  A rust devil (Gauntlet)
  13 elephants
  Joseph (D:10)
  3 merfolk sirens (Lair:3)
  7 smoke demons
  9 cane toads
  8 black mambas
  2 torpor snails
  3 gargoyles
  Maggie (D:8)
  2 rime drakes (Lair:4)
  A kobold demonologist (D:12)
  8 komodo dragons
  7 trolls
  A meliai (D:10)
  2 polar bears
  2 hornets (D:11)
  A hellwing (Abyss:3)
  5 raiju
  A wind drake (shapeshifter) (Lair:5)
  15 blink frogs
  14 slime creatures
  4 large abominations
  2 shadows (D:11)
  2 spriggans (Lair:5)
  4 ynoxinuls
  Sigmund (D:2)
  A vampire (D:13)
  35 yaks
  3 wyverns
  15 vampire mosquitoes
  9 basilisks
  8 redbacks (D:11)
  A chaos spawn (Lair:5)
  A neqoxec (Abyss:3)
  7 wargs
  An acid dragon (D:12)
  7 water moccasins
  10 small abominations (Lair:5)
  A hell hound (Gauntlet)
  A swamp drake (D:9)
  An ice beast (D:5)
  5 black bears
  46 orc warriors
  21 wolves
  13 centaurs
  5 ogres
  A phantom (D:5)
  An elf zombie (Ossuary)
  2 kobold brigands
  14 bullfrogs
  4 gnoll sergeants
  An earth elemental (Abyss:3)
  3 scorpions (D:5)
  5 wights
  13 killer bees
  5 electric eels (Lair:3)
  7 howler monkeys
  29 orc priests
  A centaur zombie (Ossuary)
  A human zombie (Ossuary)
  A jelly (D:4)
  A hound (D:4)
  2 sleepcaps
  3 iron imps (Gauntlet)
  Jessica (D:2)
  33 orc wizards
  Terence (D:3)
  An iguana (D:4)
  2 hound zombies (Ossuary)
  3 mummies (Ossuary)
  20 gnolls
  5 adders
  3 shadow imps
  A white imp (D:6)
  An ufetubus (D:5)
  2 adder zombies (Ossuary)
  2 worms
  130 orcs
  A bat (D:1)
  3 endoplasms
  5 giant cockroaches
  A gnoll zombie (Ossuary)
  3 goblins
  11 hobgoblins
  8 kobolds
  A quokka (D:4)
  5 ball pythons
  5 frilled lizards
  4 goblin zombies
  3 hobgoblin zombies (Ossuary)
  4 jackal zombies (Ossuary)
  5 kobold zombies (Ossuary)
  3 orc zombies (Ossuary)
  3 quokka zombies (Ossuary)
  6 rats
  6 rat zombies (Ossuary)
  A butterfly (Lair:2)
756 creatures vanquished.

Vanquished Creatures (others)
  A quicksilver dragon skeleton (Abyss:4)
  A sixfirhy (Abyss:4)
  7 raiju (Abyss:4)
  A ynoxinul (Abyss:4)
  14 large abominations (Abyss:4)
  4 golden eyes (Abyss:4)
  29 small abominations (Abyss:4)
  A quasit (Abyss:4)
  A jelly (Abyss:4)
  An ufetubus (Abyss:4)
  7 lurking horrors (Abyss:4)
  4 starspawn tentacles
71 creatures vanquished.

Grand Total: 827 creatures vanquished

Notes
Turn   | Place    | Note
-------+----------+-------------------------------------------
     0 | D:1      | avis the Felid Shapeshifter began the quest for the Orb.
     0 | D:1      | Reached XP level 1. HP: 9/9 MP: 2/2
   103 | D:1      | Reached XP level 2. HP: 13/13 MP: 3/3
   280 | D:1      | Found a faded altar of an unknown god.
   664 | D:2      | Reached XP level 3. HP: 17/17 MP: 4/4
   718 | D:2      | Noticed Sigmund
   947 | D:2      | Noticed Jessica
   972 | D:2      | Killed Jessica
   973 | D:2      | Reached XP level 4. HP: 14/21 MP: 5/5
  1466 | D:2      | Reached skill level 5 in Dodging
  1756 | D:3      | Noticed Terence
  1916 | D:3      | Reached skill level 1 in Stealth
  1916 | D:3      | Gained mutation: You sometimes lose your temper in combat.
                  | [potion of mutation]
  1916 | D:3      | Gained mutation: Your flesh is heat resistant. (rF+)
                  | [potion of mutation]
  2252 | D:3      | Reached XP level 5. HP: 5/24 MP: 6/6
  2442 | D:3      | Slain by Terence
  2443 | D:3      | Reached XP level 4. HP: 0/21 MP: 5/5
  2674 | D:3      | Killed Terence
  2963 | D:4      | Reached XP level 5. HP: 21/24 MP: 6/6
  2987 | D:4      | Found a staircase to the Ecumenical Temple.
  3117 | D:4      | Found a sand-covered staircase.
  3129 | Ossuary  | Entered an ossuary
  3485 | Ossuary  | Gained mutation: You are covered in thick fur. (AC +2)
                  | [Felid growth]
  3485 | Ossuary  | Reached XP level 6. HP: 28/28 MP: 7/7
  4132 | D:5      | Entered Level 5 of the Dungeon
  4132 | D:5      | Noticed an ice beast
  4181 | Temple   | Entered the Ecumenical Temple
  4188 | Temple   | Became a worshipper of Gozag Ym Sagoz the Greedy
  4334 | D:5      | Found a snail-covered altar of Cheibriados.
  4347 | D:5      | Found a hide-covered altar of Uskayaw.
  4598 | D:5      | Reached XP level 7. HP: 28/32 MP: 8/8
  5022 | D:5      | Reached skill level 10 in Dodging
  5064 | D:5      | Found Edackolu's Jewellery Emporium.
  5575 | D:6      | Reached XP level 8. HP: 36/36 MP: 9/9
  5631 | D:6      | Reached skill level 5 in Fighting
  5631 | D:6      | Reached skill level 5 in Unarmed Combat
  6843 | D:6      | Reached XP level 9. HP: 24/40 MP: 10/10
  7699 | D:7      | Found a shadowy altar of Dithmenos.
  8172 | D:5      | Bought the amulet of Matriff {Spirit Fragile Regen+ Str+5}
                  | for 628 gold pieces
  8536 | D:8      | Found a transporter.
  8536 | D:8      | Found Qyid's Antique Armour Emporium.
  8617 | D:8      | Reached skill level 5 in Shapeshifting
  8883 | D:8      | Found a transporter.
  8981 | D:8      | Noticed Maggie
  9924 | D:2      | Killed Sigmund
 10495 | D:9      | Reached skill level 5 in Stealth
 10508 | D:9      | Found Dabluymu's Gadget Gallery.
 10560 | D:9      | Reached XP level 10. HP: 45/45 MP: 9/11
 11192 | D:9      | Found a staircase to the Orcish Mines.
 11780 | D:5      | Bought a serpent talisman for 600 gold pieces
 11902 | D:10     | Entered Level 10 of the Dungeon
 12021 | D:10     | Found a transporter.
 12029 | D:10     | Noticed garrulousMonolith's ghost (novice GrEE)
 12052 | D:10     | Found a transporter.
 12065 | D:10     | Found a flagged portal.
 12092 | Bailey   | Entered a bailey
 12605 | Bailey   | Reached skill level 15 in Dodging
 12674 | Bailey   | Noticed an orc knight
 12758 | Bailey   | Killed an orc knight
 13007 | D:10     | Found a staircase to the Lair.
 13024 | D:10     | Slain by a warg
 13025 | D:10     | Reached XP level 9. HP: -2/43 MP: 0/10
 13084 | D:10     | You are sucked into a shaft and drop 2 floors!
 13101 | D:12     | Identified the +6 hand axe "Touss" {drain, *Noise rCorr
                  | Int+6 Stlth+}
 13105 | D:12     | Noticed a kobold demonologist
 13117 | D:11     | Noticed a two-headed ogre
 13128 | D:11     | Killed a two-headed ogre
 13129 | D:11     | Reached XP level 10. HP: 47/47 MP: 11/11
 13164 | D:11     | Found a runed translucent gate.
 13164 | D:11     | Found a runed translucent gate.
 13165 | D:11     | Found a runed translucent gate.
 13166 | D:11     | Noticed a black mamba
 13166 | D:11     | Noticed a black mamba
 13166 | D:11     | Noticed a black mamba
 13166 | D:11     | Noticed a wolf spider
 13166 | D:11     | Noticed a black mamba
 13194 | D:11     | Found a runed translucent door.
 13316 | D:10     | Noticed a death knight
 13531 | D:8      | Killed Maggie
 13810 | D:10     | Noticed a gargoyle
 13820 | D:10     | Killed a gargoyle
 13979 | D:10     | Noticed a seven-headed hydra
 14073 | D:10     | Killed a seven-headed hydra
 14202 | D:10     | Killed a death knight
 14309 | Lair:1   | Entered Level 1 of the Lair of Beasts
 14309 | Lair:1   | Noticed Joseph
 14347 | Lair:1   | Noticed a black mamba
 14423 | D:9      | Bought a lightning rod (4/4) for 480 gold pieces
 14503 | D:10     | Killed a black mamba
 14510 | D:10     | Reached XP level 11. HP: 50/50 MP: 6/12
 14635 | D:10     | Killed Joseph
 14809 | Lair:1   | Reached skill level 10 in Unarmed Combat
 14975 | Lair:1   | Noticed Harold
 15084 | Lair:1   | Killed Harold
 15542 | Lair:1   | Lost mutation: Your flesh is heat resistant. (rF+) [potion
                  | of mutation]
 15542 | Lair:1   | Lost mutation: You sometimes lose your temper in combat.
                  | [potion of mutation]
 15542 | Lair:1   | Gained mutation: Your magical capacity is low. (-10% MP)
                  | [potion of mutation]
 15544 | Lair:1   | Lost mutation: Your magical capacity is low. (-10% MP)
                  | [potion of mutation]
 15544 | Lair:1   | Gained mutation: You occasionally lose the ability to read
                  | scrolls when taking damage. [potion of mutation]
 15545 | Lair:1   | Lost mutation: You occasionally lose the ability to read
                  | scrolls when taking damage. [potion of mutation]
 15545 | Lair:1   | Gained mutation: You are weak. (Str -2) [potion of
                  | mutation]
 15545 | Lair:1   | Gained mutation: Your spells are a little harder to cast,
                  | but a little more powerful. [potion of mutation]
 15546 | Lair:1   | Lost mutation: Your spells are a little harder to cast, but
                  | a little more powerful. [potion of mutation]
 15546 | Lair:1   | Lost mutation: You are weak. (Str -2) [potion of mutation]
 15546 | Lair:1   | Gained mutation: You possess an exceptional clarity of
                  | mind. [potion of mutation]
 15546 | Lair:1   | Gained mutation: You passively dampen the noise of your
                  | surroundings. [potion of mutation]
 15546 | Lair:1   | Gained mutation: You have an increased reservoir of magic.
                  | (+10% MP) [potion of mutation]
 15731 | Lair:2   | Found a gate leading to a gauntlet.
 15737 | Gauntlet | Entered a Gauntlet
 15737 | Gauntlet | Found a transporter.
 15737 | Gauntlet | Found a transporter.
 15739 | Gauntlet | Found a transporter.
 15739 | Gauntlet | Found the +7 sceptre of Torment {pain, torment}
 15740 | Gauntlet | Found a transporter.
 15743 | Gauntlet | Found a transporter.
 15743 | Gauntlet | Found a transporter.
 15783 | Gauntlet | Found a transporter.
 15784 | Gauntlet | Found a transporter.
 15794 | Gauntlet | Noticed a blizzard demon
 15803 | Gauntlet | Found a transporter.
 15808 | Gauntlet | Noticed a hell beast
 15811 | Gauntlet | Found a transporter.
 15815 | Gauntlet | Found a transporter.
 15835 | Gauntlet | Found a transporter.
 16081 | Gauntlet | HP: 2/51 [elephant (15)]
 16207 | Gauntlet | Killed a hell beast
 16302 | Gauntlet | Identified the +11 sling "Globulus" {drain, rC+}
 16302 | Gauntlet | Noticed a minotaur
 16319 | Gauntlet | Killed a minotaur
 16323 | Gauntlet | Identified the +12 dagger of the Feather {holy, rPois rF+
                  | rN+ SInv}
 16456 | Lair:2   | Reached skill level 10 in Shapeshifting
 16461 | Lair:2   | Gained mutation: Your thick and shaggy fur keeps you warm.
                  | (AC +3, rC+) [Felid growth]
 16461 | Lair:2   | Reached XP level 12. HP: 55/55 MP: 11/14
 16570 | Lair:2   | Noticed a seven-headed hydra
 16592 | Lair:2   | Killed a seven-headed hydra
 16753 | Lair:2   | Found a hole to the Spider Nest.
 16886 | Lair:2   | Noticed a four-headed hydra
 16902 | Lair:2   | Killed a four-headed hydra
 17544 | D:9      | Bought a phial of floods for 640 gold pieces
 17781 | Lair:3   | Found a staircase to the Shoals.
 18450 | Lair:3   | Noticed a five-headed hydra
 18490 | Lair:3   | Killed a five-headed hydra
 18491 | Lair:3   | Reached XP level 13. HP: 50/58 MP: 9/15
 18782 | Lair:4   | Found a staircase to the Slime Pits.
 19912 | D:11     | Found the +9 staff of Olgreb {rPois∞}
 19965 | D:11     | Found a runed translucent door.
 20049 | D:11     | Noticed Sonja
 20059 | D:11     | Killed Sonja
 21029 | Orc:1    | Entered Level 1 of the Orcish Mines
 21859 | Orc:2    | Entered Level 2 of the Orcish Mines
 21998 | Orc:2    | Found a runed translucent gate.
 21998 | Orc:2    | Found a runed translucent gate.
 21998 | Orc:2    | Found a runed translucent gate.
 22000 | Orc:2    | Noticed a merfolk javelineer
 22001 | Orc:2    | Noticed Ofeo's ghost (journeyman DsSh)
 22003 | Orc:2    | Found an iron altar of Okawaru.
 22056 | Orc:1    | Noticed Fannar
 22140 | Orc:1    | Killed Fannar
 22141 | Orc:1    | Reached skill level 10 in Fighting
 22471 | Orc:2    | Found a staircase to the Elven Halls.
 22839 | Orc:2    | Noticed an orc warlord
 22884 | Orc:2    | Killed an orc warlord
 23011 | Orc:2    | Reached XP level 14. HP: 66/66 MP: 16/16
 23035 | Orc:2    | Found Ytseng's Antique Armour Emporium.
 23045 | Orc:2    | Found Plog's Antique Weapon Shoppe.
 23370 | Orc:2    | Slain by an ettin
 23371 | Orc:2    | Reached XP level 13. HP: -2/67 MP: 0/15
 23371 | Orc:2    | Reached skill level 15 in Shapeshifting
 23371 | Orc:2    | Reached XP level 14. HP: 66/66 MP: 16/16
 23464 | Orc:2    | Noticed Snorg
 23470 | Orc:2    | Killed Snorg
 23487 | Orc:2    | Found Quyxiego's Jewellery Boutique.
 23507 | Orc:2    | Bought a blade talisman for 520 gold pieces
 23594 | Orc:2    | Found Jowaxew's Distillery.
 23845 | Orc:2    | Bought a potion of curing for 51 gold pieces
 23845 | Orc:2    | Bought a potion of curing for 51 gold pieces
 23845 | Orc:2    | Bought a potion of haste for 170 gold pieces
 23845 | Orc:2    | Bought a potion of lignification for 51 gold pieces
 23845 | Orc:2    | Bought a potion of mutation for 136 gold pieces
 23845 | Orc:2    | Bought a potion of invisibility for 136 gold pieces
 23845 | Orc:2    | Bought a potion of ambrosia for 136 gold pieces
 23845 | Orc:2    | Bought a potion of enlightenment for 85 gold pieces
 23889 | Orc:2    | Bought a +5 ring of evasion for 468 gold pieces
 24092 | Orc:1    | Killed Ofeo's ghost
 24588 | Lair:5   | Entered Level 5 of the Lair of Beasts
 26058 | Lair:5   | Found a corrupted altar of Lugonu.
 26059 | Lair:5   | Found a one-way gate to the infinite horrors of the Abyss.
 26577 | Lair:1   | Learned a level 2 spell: Wereblood
 26589 | Lair:1   | Learned a level 4 spell: Passage of Golubria
 27029 | D:12     | Found Rathinot's Jewellery Shoppe.
 27185 | D:12     | Reached skill level 1 in Translocations
 27523 | D:13     | Reached XP level 15. HP: 69/69 MP: 13/17
 28032 | D:13     | Slain by a slime creature
 28033 | D:13     | Reached XP level 14. HP: 0/79 MP: 0/16
 29257 | D:14     | Found a broken altar of Ashenzari.
 29379 | D:14     | Identified a scroll of acquirement
 29456 | D:14     | Acquired a manual of Unarmed Combat
 29591 | D:14     | Noticed Agnes
 29595 | Abyss:3  | Found a corrupted altar of Lugonu.
 29595 | Abyss:3  | Cast into level 3 of the Abyss (Agnes)
 29607 | Abyss:3  | Noticed a tentacled starspawn
 29621 | Abyss:3  | Killed a tentacled starspawn
 29646 | Abyss:3  | HP: 3/79 [smoke demon/divine providence (12)]
 31757 | Abyss:4  | Noticed a tentacled starspawn
 31772 | Abyss:4  | Killed a tentacled starspawn
 31790 | D:14     | Escaped the Abyss
 31799 | D:14     | HP: 3/79 [Agnes/+0 lajatang of distortion (21)]
 31799 | D:14     | Slain by Agnes

Illustrated notes

Levels and vault maps discovered:
D:1:      matt_arrival_refuge, layout_rooms, ebering_ecumenical_altar_box
D:2:      layout_basic, uniq_sigmund, uniq_jessica
D:3:      layout_loops_ring, chequers_hall_statues_y,
          kennysheep_generic_room_16, uniq_terence
D:4:      layout_basic, minmay_temple_entry_glassed_door, enter_ossuary_3
D:5:      layout_cave_pods, mainiacjoe_overflow_catwalk, cheibriados_altar_1,
          serial_shops, nicolae_shop_pleasant_corner_grove, chequers_jeans,
          minmay_misc_feat_plants
D:6:      layout_loops_cross, serial_bayou_pond_c, grunt_decor_one_mirror,
          st_stairs_11
D:7:      layout_basic, mainiacjoe_overflow_tiny_flanked
D:8:      layout_basic, serial_shops, nicolae_shop_drivethru, uniq_maggie
D:9:      layout_irregular_city, erik_orc_1, dk_vineyard_1, serial_park_tiny_2,
          minmay_tree_intersection, nicolae_shop_gadgets
D:10:     layout_roguey, erik_lair_orcish_takeover, enter_bailey_6,
          gammafunk_ghost_hive, kb_rosetta
D:11:     layout_basic, minmay_guarded_unrand_staff_of_olgreb, uniq_sonja
D:12:     layout_rooms, serial_shops, kennysheep_little_box
D:13:     layout_stronghold
D:14:     layout_loops_cross, hellmonk_vaults_attempted_burglary,
          ashenzari_altar_1, uniq_agnes
Temple:   hellmonk_temple_of_storms
Lair:1:   layout_concentric_octagons, uniq_joseph, uniq_harold
Lair:2:   layout_regular_city, dummy_spider_entry, gauntlet_entry_generic,
          lemuel_fruit_fields
Lair:3:   layout_loops_ring, elwin_shoals_entry_rooms,
          infiniplex_staircase_pool, serial_bayou_shore_a
Lair:4:   layout_loops_ring, minmay_slime_entry_oklob_open,
          eino_small_chamber_without_monster, grunt_megastairs_3
Lair:5:   hellmonk_lair_end_abyssal_woods, layout_gridlike
Orc:1:    layout_caves, uniq_fannar
Orc:2:    grunt_orc_community_town_hall, layout_caves,
          grunt_orc_community_big_house_1, grunt_orc_community_big_house_1,
          grunt_orc_community_house_2, grunt_orc_community_house_3,
          grunt_orc_community_house_2, grunt_orc_community_house_3,
          grunt_orc_community_house_3, basic_altar,
          gammafunk_ghost_fury_of_okawaru, uniq_snorg

Skill      XL: |  1  2  3  4  5  6  7  8  9 10 11 12 13 14 |
---------------+-------------------------------------------+-----
Fighting       | 2 3 4 5 6 7 8 10 | 10.0
Dodging        | 4 6 7 8 10 11 13 16 18 | 18.0
Stealth        | 2 4 6 |  6.0
Unarmed Combat | 4 5 6 9 10 12 13 | 13.4
Shapeshifting  | 4 5 7 10 13 15 18 | 18.0
Translocations | 1 |  1.0

Action                     |  1- 3 |  4- 6 |  7- 9 | 10-12 | 13-15 || total
---------------------------+-------+-------+-------+-------+-------++-------
  Melee: Unarmed           |    47 |   250 |   329 |   750 |  1244 ||  2620
         Bite              |     7 |    25 |    69 |    60 |     2 ||   163
         Punch             |     3 |     6 |    14 |    26 |     2 ||    51
         Constrict         |       |       |       |    37 |   248 ||   285
  Evoke: Wand              |       |     1 |       |     4 |     1 ||     6
         Lightning rod     |       |       |       |       |     9 ||     9
         Phial of floods   |       |       |       |       |     2 ||     2
    Use: Potion            |       |     3 |     1 |    25 |     7 ||    36
         Scroll            |       |       |     7 |    11 |     6 ||    24
   Stab: Sleeping          |     3 |     5 |     5 |    14 |    16 ||    43
         Distracted        |       |     1 |     2 |     9 |    11 ||    23
         Invisible         |       |       |       |     4 |     8 ||    12
 Armour: Skin              |       |     3 |    10 |    89 |   167 ||   269
  Dodge: Dodged            |    30 |   121 |   286 |   774 |  1194 ||  2405
  Block: Other             |     4 |    35 |    43 |       |       ||    82
   Form: Anaconda          |       |       |       |     2 |     2 ||     4
         Beast             |       |       |       |     1 |       ||     1
         Maw               |       |       |       |       |     1 ||     1
         Blade             |       |       |       |       |     1 ||     1

Table legend: (Time is in decaauts)
 A = Elapsed time spent in this place.
 B = Non-inter-level travel time spent in this place.
 C = Inter-level travel time spent in this place.
 D = Time resting spent in this place.
 E = Time spent auto-exploring this place.
 F = Levels seen in this place.
 G = Mean time per level.
                   A        B        C        D        E       F      G
               +--------+--------+--------+--------+--------+-----+--------+
         Total |  29214 |  25689 |   3525 |   6671 |   8598 |  27 | 1082.0 |
       Dungeon |  15912 |  13116 |   2796 |   2722 |   5663 |  14 | 1136.6 |
        Temple |     12 |     12 |      0 |      0 |      0 |   1 |   12.0 |
          Lair |   6147 |   5649 |    498 |    920 |   2457 |   5 | 1229.4 |
  Orcish Mines |   2982 |   2753 |    229 |    581 |    466 |   2 | 1491.0 |
         Abyss |   2171 |   2171 |      0 |   1964 |     11 |   2 | 1085.5 |
       Ossuary |    698 |    698 |      0 |    171 |      0 |   1 |  698.0 |
        Bailey |    741 |    741 |      0 |    143 |      0 |   1 |  741.0 |
      Gauntlet |    547 |    547 |      0 |    167 |      0 |   1 |  547.0 |
               +--------+--------+--------+--------+--------+-----+--------+

Top non-repeatable levels by time:
 Abyss:4: 1842 daAuts
   Orc:2: 1801 daAuts
     D:9: 1798 daAuts
  Lair:5: 1791 daAuts
     D:8: 1606 daAuts
    D:11: 1568 daAuts
     D:6: 1366 daAuts
    D:13: 1356 daAuts
     D:5: 1343 daAuts
    D:10: 1275 daAuts
  Lair:2: 1203 daAuts
  Lair:3: 1199 daAuts
   Orc:1: 1181 daAuts
     D:7: 1125 daAuts
     D:2: 1090 daAuts
